 Dungeon Crawl Stone Soup version 0.18-a0-23-g19353e1 (webtiles) character file.

382128 anele the Ninja (level 21, -15/175 HPs)
             Began as a Vampire Enchanter on Nov 3, 2015.
             Was a High Priest of Dithmenos.
             Demolished by a spriggan defender
             ... wielding a +2 antimagic demon whip
              (19 damage)
             ... on level 3 of the Depths.
             The game lasted 04:25:33 (64791 turns).

anele the Ninja (Vampire Enchanter)                Turns: 64791, Time: 04:25:34

Health: -15/175    AC: 24    Str:  4    XL:     21   Next: 92%
Magic:  0/40       EV: 18    Int: 47    God:    Dithmenos [*****.]
Gold:   1738       SH:  9    Dex: 14    Spells: 13 memorised, 7 levels left

rFire  + . .     SeeInvis +     a - +4 arc blade {discharge, rElec}
rCold  + . .     Clarity  .     B - +6 faerie dragon armour {+Inv Regen+ Dex-4}
rNeg   + . .     SustAt   .     k - +3 buckler {rC+}
rPois  .         Gourm    .     p - +1 helmet "Vux Add" {+Inv MR++ Int+4}
rElec  +         Spirit   .     M - +0 cloak
rCorr  .         Warding  .     z - +1 pair of gloves of Pioquot {rF- Str-3 Int+10 Stlth+}
rMut   .         Stasis   .     t - +2 pair of boots {Fly}
MR     ++++.                    u - amulet of Vitality {Regen+ HP+15}
Stlth  ++++++++++               T - ring "Nunerem" {+Inv Int+6}
                                C - ring of Duocap {rF+ Dex+4 SInv}

@: about to teleport, flying, hasted, wreathed by umbra, repel missiles, very
quick, incredibly resistant to hostile enchantments, uncannily stealthy
A: fangs 3, rough black scales 1, camouflage 1, see invisible, deterioration 1,
fire resistance 1, unbreathing
a: Bat Form, Shadow Step, Shadow Form, Renounce Religion, Evoke Invisibility,
Stop Flying
}: 2/15 runes: barnacled, gossamer


You were on level 3 of the Depths.
You worshipped Dithmenos.
Dithmenos was extremely pleased with you.
You were not thirsty.

You visited 9 branches of the dungeon, and saw 46 of its levels.
You visited 1 bazaar.
You also visited: Labyrinth and Ice Cave.

You collected 5899 gold pieces.
You spent 4161 gold pieces at shops.

Inventory:

Hand Weapons
 a - the +4 arc blade (weapon) {discharge, rElec}
   (You found it in a labyrinth)

   It insulates you from electricity.
 b - the +1 rapier "Fatobb" {vamp, rN+}
   (You bought it in a shop on level 4 of the Orcish Mines)

   It inflicts no extra harm, but heals its wielder somewhat when it strikes a
   living foe.
   It protects you from negative energy.
 j - a +4 quick blade of venom
Missiles
 Z - 12 tomahawks of dispersal (quivered)
Armour
 k - a +3 buckler of cold resistance (worn)
 p - the +1 helmet "Vux Add" (worn) {+Inv MR++ Int+4}
   (You bought it in a shop on level 4 of the Orcish Mines)

   It affects your intelligence (+4).
   It affects your resistance to hostile enchantments.
   It lets you turn invisible.
 s - a +2 pair of gloves of strength
 t - a +2 pair of boots of flying (worn)
 z - the +1 pair of gloves of Pioquot (worn) {rF- Str-3 Int+10 Stlth+}
   (You found it on level 3 of the Elven Halls)

   It affects your strength (-3).
   It affects your intelligence (+10).
   It makes you vulnerable to fire.
   It makes you more stealthy.
 B - the +6 faerie dragon armour (worn) {+Inv Regen+ Dex-4}
   (You took it off the Enchantress on level 2 of the Depths)

   It affects your dexterity (-4).
   It lets you turn invisible.
   It increases your rate of regeneration.
 F - a +2 robe of fire resistance
 M - a +0 cloak (worn)
Jewellery
 c - an uncursed amulet of resist corrosion
 u - the amulet of Vitality (around neck) {Regen+ HP+15}
   (You found it on level 2 of the Depths)

   [amulet of regeneration]

   It affects your health (+15).
   It increases your rate of regeneration.
 C - the ring of Duocap (left hand) {rF+ Dex+4 SInv}
   (You found it in an ice cave)

   [ring of protection from fire]

   It affects your dexterity (+4).
   It protects you from fire.
   It lets you see invisible.
 T - the ring "Nunerem" (right hand) {+Inv Int+6}
   (You bought it in a shop on level 4 of the Dungeon)

   [ring of invisibility]

   It affects your intelligence (+6).
   It lets you turn invisible.
 V - an uncursed amulet of resist mutation
Wands
 e - a wand of cold (3)
 l - a wand of lightning (11)
 n - a wand of teleportation (3)
 J - a wand of disintegration (2)
 O - a wand of digging (15)
 R - a wand of draining (11)
Scrolls
 d - 10 scrolls of identify
 i - 9 scrolls of fear
 m - a scroll of enchant weapon
 v - 21 scrolls of remove curse
 w - 6 scrolls of magic mapping
 I - a scroll of amnesia
 N - 4 scrolls of fog
 X - 4 scrolls of blinking
Potions
 f - 9 potions of heal wounds
 g - a potion of cancellation
 h - 10 potions of curing
 o - 3 potions of might
 q - 72 potions of blood
 D - 4 potions of resistance
 H - 7 potions of agility
 L - 3 potions of haste
 Y - a potion of magic
Books
 r - a book of Callings

   Spells                             Type                      Level
   a - Summon Small Mammal            Summoning                    1
   b - Call Imp                       Summoning                    2
   c - Call Canine Familiar           Summoning                    3
   d - Summon Guardian Golem          Hexes/Summoning              3
   e - Summon Lightning Spire         Summoning/Air                4
   f - Summon Ice Beast               Ice/Summoning                4
 x - the Collected Works on Enthralling Companions
   (You found it on level 2 of the Depths)

   Spells                             Type                      Level
   a - Summon Small Mammal            Summoning                    1
   b - Summon Guardian Golem          Hexes/Summoning              3
   c - Recall                         Summoning/Translocation      3
   d - Call Canine Familiar           Summoning                    3
   e - Summon Mana Viper              Hexes/Summoning              5
   f - Summon Demon                   Summoning                    5
Miscellaneous
 y - a phial of floods (inert)
 A - a box of beasts
 S - a phial of floods (inert)
 U - a box of beasts {used: 2}


   Skills:
 + Level 12.5 Fighting
 + Level 15.1 Short Blades
 * Level 0.7 Armour
 + Level 16.3 Dodging
 O Level 27 Stealth
 - Level 6.8 Shields
 + Level 15.9 Spellcasting
 + Level 21.2 Hexes
 - Level 7.3 Evocations


You had 7 spell levels left.
You knew the following spells:

 Your Spells              Type           Power        Failure   Level  Hunger
b - Confuse               Hex            ########     0%          3    None
d - Discord               Hex            ########..   1%          8    ###....
e - Summon Butterflies    Summ           #####...     1%          1    None
h - Ensorcelled Hibernat  Hex/Ice        ######       1%          2    None
i - Invisibility          Hex            ########     1%          6    None
j - Apportation           Tloc           #####.....   1%          1    None
l - Blink                 Tloc           N/A          2%          2    None
m - Mass Confusion        Hex            ########..   1%          6    None
r - Repel Missiles        Chrm/Air       #####.       2%          2    None
s - Silence               Hex/Air        #######...   1%          5    None
u - Cure Poison           Pois           #####.....   2%          2    None
v - Tukima's Dance        Hex            ########     0%          3    None
w - Passwall              Trmt/Erth      #####.....   6%          3    None


Dungeon Overview and Level Annotations

Branches:
Dungeon (15/15)            Temple (1/1) D:4            Lair (8/8) D:10
 Shoals (4/4) Lair:3       Spider (4/4) Lair:4        Slime (0/6) Lair:7
    Orc (4/4) D:12            Elf (3/3) Orc:3        Vaults (4/5) D:14
  Crypt (0/3) Vaults:2     Depths (3/5) D:15

Altars:
Ashenzari
Cheibriados
Dithmenos
Elyvilon
Fedhas
Gozag
Kikubaaqudgha
Makhleb
Nemelex Xobeh
Okawaru
Qazlal
Ru
Sif Muna
Trog
Vehumet
Xom
Yredelemnul
Zin
The Shining One

Shops:
D:4 =   D:11 (   Orc:2 *   Orc:4 [(:[*   Elf:2 *   Shoals:2 :   Vaults:2 [
Vaults:3 *   Vaults:4 [*((   Depths:1 }%!!

Portals:
Hell: Depths:1 Depths:2
Abyss: Depths:2
Pandemonium: Depths:1


Innate Abilities, Weirdness & Mutations

You have razor-sharp teeth.
You have supernaturally acute eyesight.
You can survive without breathing.
You are partially covered in rough black scales (AC +4, Dex -1).
Your skin changes colour to match your surroundings (Stealth).
Your body sometimes deteriorates upon taking damage.
Your flesh is heat resistant.


Message History

The spriggan defender hits you with an antimagic demon whip.
The spriggan defender shouts!
The spriggan defender misses you.
Evoke which item? (* to show all) (? for menu, Esc to quit)
Zapping:
n - a wand of teleportation (4)
Press: ? - help, Shift-Dir - straight line, f - you You feel strangely unstable.
This wand has 3 charges left.
The spriggan defender hits you with an antimagic demon whip.
You feel your power leaking away.
The spriggan defender hits you with an antimagic demon whip!
* * * LOW HITPOINT WARNING * * *
Unknown command.
Drink which item? (? for menu, Esc to quit)
You feel yourself speed up.
The spriggan defender hits you with an antimagic demon whip!
* * * LOW HITPOINT WARNING * * *
The spriggan defender hits you with an antimagic demon whip!!!
* * * LOW HITPOINT WARNING * * *
The spriggan defender hits you with an antimagic demon whip!!
You die...

#.......≈..#
#..........####++
#...............
##.....)).......
###...†.../.......
##.##..............
###.............≈≈.≈≈
#...............≈≈..≈
#......i@.#...§§.§§≈
##......####..§..§..
###....## .........
##....### #.........
##.....#####..........
#.............. ...
#.)()..........
#.)[<..).......
##..)..().......


You could see a neutral spriggan defender (insane).

Vanquished Creatures
  Mara (Elf:3)
  A greater mummy (Depths:2)
  Norris (Vaults:1)
  Saint Roka (Depths:2)
  The ghost of ldierk the Tortoise, an adept DsGl of Okawaru (Vaults:1)
  Asterion (Elf:2)
  A deep elf master archer (Elf:3)
  A deep elf blademaster (Elf:3)
  The ghost of Darguel the Severer, an adept MiBe of Trog (Shoals:4)
  An octopode crusher (Depths:1)
  Polyphemus (Shoals:4)
  A kraken (Shoals:3)
  Kirke (Shoals:4)
  2 sphinxes (Depths:2)
  Ilsuiw (Shoals:4)
  Wiglaf (Vaults:1)
  4 ghost moths
  A fire giant (Vaults:3)
  2 revenants (Vaults:2)
  An azure jelly (shapeshifter) (Elf:3)
  Donald (Shoals:4)
  5 deep elf sorcerers (Elf:3)
  6 vault wardens
  An orc warlord (Orc:4)
  Aizul (Shoals:3)
  Louise (Shoals:1)
  7 frost giants
  The ghost of zigs the Thaumaturge, a journeyman DgIE (Elf:1)
  9 emperor scorpions
  8 stone giants
  4 ironheart preservers
  A spriggan defender (Depths:2)
  9 very ugly things
  6 deep elf annihilators (Elf:3)
  An eidolon (Vaults:2)
  2 ettins
  5 vault guards
  3 merfolk javelineers (Shoals:4)
  3 deep elf death magi (Elf:3)
  2 deep elf high priests (Elf:3)
  9 great orbs of eyes
  8 fire dragons
  4 mummy priests (Depths:2)
  6 merfolk impalers
  11 ogre magi
  5 entropy weavers
  Harold (Lair:4)
  6 ice dragons
  7 yaktaur captains
  17 hydras
  3 catoblepae
  4 merfolk avatars (Shoals:4)
  Erica (Orc:1)
  2 deep troll shamans
  A rakshasa (Depths:3)
  12 dancing weapons (Elf:2)
  An alligator snapping turtle (Shoals:3)
  15 death yaks
  6 merfolk aquamancers
  5 orc high priests
  4 satyrs
  2 tengu warriors
  7 centaur warriors
  2 deep troll earth magi (Depths:2)
  The ghost of timbw the Grappler, a journeyman VSFi of Okawaru (Lair:4)
  Urug (Lair:4)
  A soul eater (Shoals:4)
  3 spriggans
  17 deep elf knights
  A fire crab (Vaults:3)
  6 deep trolls
  2 unseen horrors
  A golden dragon zombie (Depths:2)
  A spriggan druid (Depths:1)
  A shadow wraith (Vaults:2)
  An unseen horror (shapeshifter) (D:15)
  9 sea snakes
  5 giant orange brains
  7 deep elf summoners
  3 lindwurms
  A wizard (Vaults:3)
  A tengu zombie (Vaults:1)
  A golden dragon skeleton (Depths:2)
  7 deep elf conjurers
  3 ironbrand convokers
  16 manticores
  19 wolf spiders
  9 hill giants
  A human zombie (Vaults:1)
  11 orb spiders
  25 ugly things
  7 orc sorcerers
  37 harpies
  5 hornets
  17 orc knights
  15 cyclopes
  13 griffons
  17 fauns
  3 necromancers
  A harpy (shapeshifter) (Vaults:1)
  5 water nymphs
  6 black mambas
  2 moths of wrath (Spider:4)
  An eye of devastation (shapeshifter) (Depths:1)
  11 sirens
  7 vault sentinels
  A frost giant skeleton (Vaults:2)
  3 ice statues
  A storm dragon simulacrum (Vaults:3)
  18 elephants
  2 torpor snails (Spider:2)
  3 gargoyles
  10 spiny frogs
  2 efreet
  A kobold demonologist (Vaults:2)
  6 demonic crawlers
  9 guardian mummies
  32 yaktaurs
  A fire drake (Lair:5)
  8 komodo dragons
  A hellwing (Shoals:4)
  An elf skeleton (Depths:2)
  3 deep elf priests
  6 polar bears
  2 tengu conjurers
  23 merfolk
  A shadow dragon simulacrum (Vaults:3)
  13 trolls
  A wind drake (shapeshifter) (Vaults:2)
  12 two-headed ogres
  A wind drake (Shoals:4)
  6 freezing wraiths
  A boulder beetle (shapeshifter) (Elf:3)
  5 boulder beetles
  9 slime creatures
  A fire giant simulacrum (Vaults:2)
  2 human simulacra (Vaults:2)
  16 blink frogs
  12 snapping turtles
  21 jumping spiders
  13 trapdoor spiders
  35 redbacks
  A vampire (D:13)
  A human (shapeshifter) (Depths:2)
  21 water elementals
  An ettin skeleton (Depths:2)
  13 deep elf magi
  4 wyverns
  20 tarantellas
  5 wraiths
  3 basilisks
  A spriggan simulacrum (Depths:2)
  46 yaks
  8 hippogriffs
  16 deep elf fighters
  6 wargs
  A hog (Shoals:4)
  A human (D:14)
  A steam dragon (Shoals:4)
  The ghost of katie03 the Covered, an amateur HaFi of Nemelex Xobeh (D:3)
  11 vampire mosquitoes
  2 soldier ants
  12 wolves
  18 porcupines
  3 hell hounds (Elf:1)
  A mottled dragon (Vaults:2)
  26 ice beasts
  6 wasps
  5 black bears
  18 spiders
  An eye of draining (shapeshifter) (D:15)
  38 orc warriors
  2 necrophages
  19 water moccasins
  13 boggarts
  3 sky beasts
  18 crocodiles
  42 ogres
  11 centaurs
  3 human skeletons
  Blork the orc (D:5)
  33 giant frogs
  5 big kobolds
  19 killer bees
  A scorpion (D:9)
  2 wights (D:13)
  2 electric eels (Lair:4)
  4 centaur zombies
  2 giant frog zombies
  14 crimson imps
  20 jellies
  5 centaur skeletons
  5 hounds
  Crazy Yiuf (D:5)
  Ijyb (D:2)
  A jelly (shapeshifter) (Vaults:4)
  11 iguanas
  3 polar bear simulacra (Lair:6)
  Jessica (D:2)
  2 giant frog skeletons
  22 orc priests
  11 worker ants
  Natasha (thrice) (D:3)
  22 orc wizards
  3 yak simulacra (Lair:6)
  3 wolf simulacra (Lair:6)
  42 sheep
  A hound skeleton (D:6)
  A hound zombie (D:7)
  The ghost of timbw the Ruffian, a weakling VSGl (D:4)
  4 mummies (D:14)
  78 river rats
  A worker ant zombie (D:10)
  11 adders
  9 gnolls
  A white imp (D:11)
  5 shadow imps
  7 oozes
  An adder skeleton (D:4)
  4 worms
  5 giant geckos
  147 orcs
  9 giant cockroaches
  11 goblins
  5 hobgoblins
  2 jackals (D:7)
  22 kobolds
  15 bats
  A giant cockroach zombie (D:5)
  A giant gecko zombie (D:5)
  4 giant newts
  12 rats
  2 river rat simulacra (Lair:6)
  2 crawling corpses (Elf:3)
  2 fungi (Orc:4)
  12 plants
1840 creatures vanquished.

Vanquished Creatures (collateral kills)
  the Enchantress (Depths:2)
  3 vault wardens
  2 frost giants
  4 ironheart preservers
  2 spriggan defenders (Depths:2)
  3 stone giants
  2 deep elf demonologists (Elf:3)
  A deep elf annihilator (Elf:3)
  2 vault guards (Vaults:2)
  4 merfolk javelineers (Shoals:4)
  2 crystal guardians
  A yaktaur captain (Vaults:4)
  4 merfolk impalers
  A minotaur (Lab)
  A spriggan air mage (Depths:2)
  Erolcha (D:9)
  6 ogre magi
  A satyr (Shoals:4)
  2 merfolk avatars (Shoals:4)
  A merfolk aquamancer (Shoals:4)
  7 dancing weapons
  A vampire mage (Depths:3)
  A fire crab (shapeshifter) (Elf:1)
  An iron troll (Depths:1)
  2 flayed ghosts
  A deep elf knight (Elf:2)
  A deep elf summoner (Elf:3)
  6 orc knights
  A deep troll (Vaults:2)
  Pikel (D:9)
  A hill giant (D:15)
  A griffon (Vaults:3)
  3 deep elf conjurers
  3 ironbrand convokers
  13 ugly things
  An orc sorcerer (Vaults:2)
  A necromancer (Vaults:2)
  A vault sentinel (Vaults:4)
  A troll (Depths:2)
  12 yaktaurs
  2 deep elf fighters
  2 freezing wraiths
  A merfolk (Shoals:4)
  A tengu conjurer (Depths:1)
  3 deep elf priests
  2 slime creatures (Depths:2)
  A boulder beetle (Vaults:4)
  11 two-headed ogres
  3 spriggans
  A water elemental (Shoals:4)
  6 deep elf magi
  A yak (shapeshifter) (Vaults:3)
  4 wargs
  Edmund (D:6)
  9 orc warriors
  An ettin simulacrum (Vaults:4)
  27 ogres
  An ice beast (D:6)
  2 wasps (Depths:3)
  A centaur (D:6)
  A big kobold (Vaults:1)
  8 wights
  4 orc wizards
  A hound (D:6)
  An orc priest (Vaults:4)
  A hound skeleton (D:11)
  A shadow imp (D:9)
  10 orcs
  A kobold (Vaults:1)
  A crawling corpse (Elf:3)
212 creatures vanquished.

Vanquished Creatures (others)
  A deep elf sorcerer (Elf:3)
  A vault warden (Vaults:4)
  2 ironheart preservers
  A deep elf annihilator (Elf:3)
  A merfolk javelineer (Depths:1)
  A vault guard (Vaults:4)
  A deep elf high priest (Elf:3)
  A rakshasa (Depths:1)
  An ogre mage (Vaults:1)
  A deep troll shaman (Depths:1)
  10 dancing weapons
  A deep troll earth mage (Vaults:2)
  A tengu warrior (Depths:3)
  A spriggan berserker (Depths:2)
  A deep elf knight (Elf:3)
  2 deep trolls (Vaults:2)
  2 ugly things (Depths:2)
  A cyclops (Vaults:1)
  A siren (Shoals:4)
  A spiny frog (shapeshifter) (Vaults:4)
  4 yaktaurs
  A troll (Vaults:3)
  2 two-headed ogres
  A deep elf mage (Elf:1)
  3 humans (Shoals:4)
  2 slaves (D:9)
  3 ogres
  A hound (D:14)
  An iguana (D:9)
  6 orcs
  3 kobolds (D:14)
  21 fungi
  30 plants
110 creatures vanquished.

Grand Total: 2162 creatures vanquished

Notes
Turn   | Place    | Note
--------------------------------------------------------------
     0 | D:1      | anele the Vampire Enchanter began the quest for the Orb.
     0 | D:1      | Reached XP level 1. HP: 13/13 MP: 3/3
   463 | D:1      | Reached XP level 2. HP: 19/19 MP: 5/5
   499 | D:1      | Reached skill level 5 in Stealth
   754 | D:1      | Learned a level 2 spell: Ensorcelled Hibernation
   958 | D:1      | Reached XP level 3. HP: 22/24 MP: 6/6
   963 | D:1      | Learned a level 3 spell: Confuse
  1166 | D:2      | Noticed Jessica
  1170 | D:2      | Found a faded altar to an unknown god.
  1174 | D:2      | Killed Jessica
  1296 | D:2      | Reached skill level 6 in Stealth
  1302 | D:2      | Reached XP level 4. HP: 23/30 MP: 7/7
  1555 | D:2      | Noticed Ijyb
  1600 | D:2      | Killed Ijyb
  1897 | D:2      | Reached XP level 5. HP: 23/35 MP: 3/8
  2352 | D:3      | Noticed Natasha
  2357 | D:3      | Killed Natasha
  2357 | D:3      | Reached skill level 7 in Stealth
  2501 | D:3      | Reached skill level 5 in Hexes
  2510 | D:3      | Noticed Natasha
  2529 | D:3      | Killed Natasha
  2912 | D:3      | Noticed katie03's ghost (amateur HaFi)
  2924 | D:3      | Killed katie03's ghost
  2924 | D:3      | Reached skill level 8 in Stealth
  2924 | D:3      | Reached XP level 6. HP: 42/42 MP: 6/10
  2929 | D:3      | Learned a level 3 spell: Tukima's Dance
  2956 | D:3      | Found a snail-covered altar of Cheibriados.
  3076 | D:3      | Noticed Natasha
  3080 | D:3      | Killed Natasha
  3334 | D:4      | Found a staircase to the Ecumenical Temple.
  3369 | Temple   | Entered the Ecumenical Temple
  3520 | Temple   | Became a worshipper of Dithmenos the Shadowed
  3760 | D:4      | Found an ancient bone altar of Kikubaaqudgha.
  3843 | D:4      | Noticed timbw's ghost (weakling VSGl)
  3855 | D:4      | Killed timbw's ghost
  3902 | D:4      | Found a bloodstained altar of Trog.
  3902 | D:4      | Found a snail-covered altar of Cheibriados.
  3906 | D:4      | Found a white marble altar of Elyvilon.
  3906 | D:4      | Found a glowing silver altar of Zin.
  3984 | D:4      | Found Foteid's Jewellery Boutique.
  4231 | D:4      | Reached skill level 9 in Stealth
  4231 | D:4      | Reached XP level 7. HP: 47/47 MP: 8/11
  4293 | D:4      | Reached * piety under Dithmenos
  4331 | D:4      | Learned a level 2 spell: Blink
  4491 | D:5      | Entered Level 5 of the Dungeon
  4532 | D:5      | Noticed Blork the orc
  4551 | D:5      | Reached skill level 1 in Fighting
  4575 | D:5      | Killed Blork the orc
  4606 | D:5      | Reached skill level 1 in Evocations
  4698 | D:5      | Found a stormy altar of Qazlal.
  4720 | D:5      | Reached skill level 5 in Dodging
  4720 | D:5      | Reached skill level 10 in Stealth
  4864 | D:5      | Noticed Crazy Yiuf
  4878 | D:5      | Killed Crazy Yiuf
  5168 | D:6      | Noticed Edmund
  5187 | D:6      | Killed Edmund
  5187 | D:6      | Reached XP level 8. HP: 47/54 MP: 3/12
  5377 | D:6      | Reached skill level 11 in Stealth
  5750 | D:6      | Got a scorched ivory amulet
  5761 | D:6      | Identified the amulet "Mirhis" {Inacc *Confuse Int+3} (You found it on level 6 of the Dungeon)
  5993 | D:7      | Reached ** piety under Dithmenos
  6172 | D:7      | Learned a level 3 spell: Mephitic Cloud
  6223 | D:7      | Found a shattered altar of Ashenzari.
  6226 | D:7      | Found a glowing golden altar of the Shining One.
  6231 | D:7      | Found a sparkling altar of Nemelex Xobeh.
  6450 | D:7      | Reached skill level 12 in Stealth
  6500 | D:7      | Paralysed by a wasp for 1 turns
  6504 | D:7      | Reached XP level 9. HP: 19/61 MP: 7/15
  7375 | D:4      | Bought the ring "Nunerem" {+Inv Int+6} for 496 gold pieces
  7885 | D:8      | Found a radiant altar of Vehumet.
  8049 | D:9      | Noticed Pikel
  8060 | D:9      | Killed Pikel
  8145 | D:9      | Noticed Erolcha
  8151 | D:9      | Killed Erolcha
  8151 | D:9      | Reached skill level 13 in Stealth
  8151 | D:9      | Reached skill level 5 in Spellcasting
  8504 | D:9      | Found a basalt altar of Yredelemnul.
  8724 | D:9      | Reached XP level 10. HP: 58/67 MP: 18/18
  8878 | D:10     | Entered Level 10 of the Dungeon
  9049 | D:10     | Reached *** piety under Dithmenos
  9634 | D:10     | Noticed a hill giant
  9637 | D:10     | Killed a hill giant
  9637 | D:10     | Reached skill level 14 in Stealth
  9637 | D:10     | Reached skill level 5 in Evocations
  9812 | D:10     | Found a staircase to the Lair.
  9821 | Lair:1   | Entered Level 1 of the Lair of Beasts
  9835 | Lair:1   | Learned a level 6 spell: Mass Confusion
 10065 | Lair:1   | Noticed a black mamba
 10074 | Lair:1   | Killed a black mamba
 10090 | Lair:1   | Reached skill level 15 in Stealth
 10125 | Lair:1   | Gained mutation: Your flesh is heat resistant. [potion of mutation]
 10125 | Lair:1   | Gained mutation: Your body sometimes deteriorates upon taking damage. [potion of mutation]
 10125 | Lair:1   | Gained mutation: You are partially covered in rough black scales (AC +4, Dex -1). [potion of mutation]
 10251 | Lair:1   | Reached XP level 11. HP: 74/74 MP: 6/20
 11538 | Lair:2   | Reached **** piety under Dithmenos
 11736 | Lair:2   | Got a twisted robe
 11747 | Lair:2   | Identified the +2 robe of Melancholy {rC++ Int-5 Dex+4 SInv} (You found it on level 2 of the Lair of Beasts)
 12145 | Lair:3   | Reached skill level 16 in Stealth
 13346 | Lair:3   | Noticed an eight-headed hydra
 13372 | Lair:3   | Killed an eight-headed hydra
 13406 | Lair:3   | Found a staircase to the Shoals.
 13431 | Lair:3   | Reached skill level 5 in Short Blades
 13437 | Lair:3   | Reached skill level 10 in Hexes
 13661 | Lair:3   | Reached skill level 17 in Stealth
 13661 | Lair:3   | Reached XP level 12. HP: 83/83 MP: 18/22
 13799 | Lair:3   | Noticed a four-headed hydra
 13812 | Lair:3   | Killed a four-headed hydra
 13939 | Lair:4   | Found a labyrinth entrance.
 13946 | Lab      | Entered a labyrinth
 14039 | Lab      | Noticed a minotaur
 14051 | Lab      | Killed a minotaur
 14061 | Lab      | Identified the Grimoire of the Lucky Traveller
 14145 | Lair:4   | Identified a scroll of acquirement
 14227 | Lair:4   | Noticed Harold
 14231 | Lair:4   | Killed Harold
 14347 | Lair:4   | Reached skill level 1 in Shields
 14482 | Lair:4   | Noticed Urug
 14485 | Lair:4   | Noticed timbw's ghost (journeyman VSFi)
 14486 | Lair:4   | Killed Urug
 14750 | Lair:4   | Killed timbw's ghost
 14931 | Lair:4   | Found a hole to the Spider Nest.
 14956 | Lair:4   | Noticed a five-headed hydra
 14959 | Lair:4   | Killed a five-headed hydra
 15399 | Lair:5   | Found a frozen archway.
 15418 | IceCv    | Entered an ice cave
 15426 | IceCv    | Reached skill level 18 in Stealth
 16281 | IceCv    | Noticed an ice dragon
 16282 | IceCv    | Noticed an ice dragon
 16284 | IceCv    | Killed an ice dragon
 16285 | IceCv    | Killed an ice dragon
 16285 | IceCv    | Reached XP level 13. HP: 86/90 MP: 20/25
 16335 | IceCv    | Got a clouded tin ring
 16354 | IceCv    | Learned a level 1 spell: Apportation
 16372 | IceCv    | Got a smoking granite ring
 16374 | IceCv    | Identified the ring "Sacliav" {rF+ SInv} (You found it in an ice cave)
 16376 | IceCv    | Identified the ring of Duocap {rF+ Dex+4 SInv} (You found it in an ice cave)
 16937 | Lair:5   | Reached skill level 10 in Dodging
 17150 | Lair:5   | Found a deep blue altar of Sif Muna.
 17759 | Lair:6   | Reached skill level 5 in Fighting
 18018 | Lair:6   | Reached ***** piety under Dithmenos
 18913 | Lair:6   | Reached skill level 5 in Shields
 19070 | Lair:7   | Reached skill level 19 in Stealth
 19079 | Lair:7   | Found a staircase to the Slime Pits.
 19800 | Lair:7   | Reached XP level 14. HP: 98/100 MP: 20/26
 20176 | Lair:8   | Entered Level 8 of the Lair of Beasts
 20271 | Lair:8   | Learned a level 6 spell: Invisibility
 20273 | Lair:8   | Learned a level 1 spell: Summon Butterflies
 20413 | Lair:8   | Reached skill level 20 in Stealth
 21012 | Lair:8   | Reached ****** piety under Dithmenos
 21926 | D:11     | Found Gopsis's Antique Weapon Boutique.
 22506 | D:12     | Found a staircase to the Orcish Mines.
 23616 | D:13     | Reached skill level 21 in Stealth
 24563 | Orc:1    | Entered Level 1 of the Orcish Mines
 24722 | Orc:1    | Noticed Erica
 24729 | Orc:1    | Killed Erica
 24952 | Orc:2    | Found Oskuokh's Assorted Antiques.
 24976 | Orc:2    | Bought a runed helmet for 153 gold pieces
 24976 | Orc:2    | Bought a fuming ruby potion for 30 gold pieces
 25206 | Orc:1    | Gained mutation: Your skin changes colour to match your surroundings (Stealth). [potion of beneficial mutation]
 25377 | Orc:3    | Reached XP level 15. HP: 110/110 MP: 28/28
 25450 | Orc:3    | Found a staircase to the Elven Halls.
 25856 | Orc:4    | Entered Level 4 of the Orcish Mines
 25869 | Orc:4    | Found Doili's Antique Armour Boutique.
 25870 | Orc:4    | Found Ochoiket's Antique Weapon Shop.
 25987 | Orc:4    | Bought a transparent helmet for 190 gold pieces
 25987 | Orc:4    | Bought a pair of runed boots for 90 gold pieces
 25997 | Orc:4    | Identified the +1 helmet "Vux Add" {+Inv MR++ Int+4} (You bought it in a shop on level 4 of the Orcish Mines)
 26119 | Orc:4    | Found Ittesaoq's Book Boutique.
 26488 | Orc:4    | Found Pimearij's Antique Armour Emporium.
 26589 | Orc:4    | Found Kioleuj's General Store.
 27345 | Orc:4    | Bought a runed leather armour for 40 gold pieces
 27577 | Orc:4    | Bought a fine rapier for 270 gold pieces
 27577 | Orc:4    | Identified the cursed +1 rapier "Fatobb" {vamp, rN+} (You bought it in a shop on level 4 of the Orcish Mines)
 27814 | Lair:1   | Learned a level 5 spell: Silence
 28610 | D:14     | Reached skill level 22 in Stealth
 29140 | D:14     | Found a gate to the Vaults.
 29239 | D:15     | Entered Level 15 of the Dungeon
 29286 | D:15     | Found a radiant altar of Vehumet.
 29359 | D:15     | Reached skill level 10 in Short Blades
 29418 | D:15     | Found a staircase to the Depths.
 29490 | D:15     | Found a shimmering altar of Xom.
 29491 | D:15     | Found a shimmering altar of Xom.
 29491 | D:15     | Found a shimmering altar of Xom.
 29491 | D:15     | Found a shimmering altar of Xom.
 29492 | D:15     | Found a shimmering altar of Xom.
 29492 | D:15     | Found a shimmering altar of Xom.
 29493 | D:15     | Found a shimmering altar of Xom.
 29493 | D:15     | Found a shimmering altar of Xom.
 29494 | D:15     | Found a shimmering altar of Xom.
 29932 | D:15     | Reached skill level 10 in Spellcasting
 30400 | Shoals:1 | Entered Level 1 of the Shoals
 30416 | Shoals:1 | Reached XP level 16. HP: 119/119 MP: 24/30
 30709 | Shoals:1 | Reached skill level 23 in Stealth
 30954 | Shoals:1 | Noticed Louise
 30956 | Shoals:1 | Killed Louise
 31560 | Shoals:2 | Found Wirouniun's Book Shoppe.
 31640 | Shoals:2 | Bought a book of Enchantments for 600 gold pieces
 32667 | Shoals:3 | Got a pitted broad axe
 33377 | Shoals:3 | Noticed Aizul
 33389 | Shoals:3 | Killed Aizul
 33723 | Shoals:4 | Entered Level 4 of the Shoals
 33726 | Shoals:4 | Noticed Darguel's ghost (adept MiBe)
 34468 | Shoals:4 | Killed Darguel's ghost
 34828 | Shoals:4 | Noticed Polyphemus
 34828 | Shoals:4 | Noticed Kirke
 34832 | Shoals:4 | Killed Kirke
 34832 | Shoals:4 | Reached skill level 10 in Fighting
 34841 | Shoals:4 | Killed Polyphemus
 34841 | Shoals:4 | Reached skill level 24 in Stealth
 34931 | Shoals:4 | Reached XP level 17. HP: 128/128 MP: 31/31
 34958 | Shoals:4 | Noticed Donald
 34960 | Shoals:4 | Killed Donald
 36394 | Shoals:4 | Learned a level 8 spell: Discord
 36495 | Shoals:4 | Noticed Ilsuiw
 36513 | Shoals:4 | Killed Ilsuiw
 36897 | Shoals:4 | Identified the Handbook of Hexes
 36953 | Shoals:4 | Reached skill level 15 in Hexes
 36998 | Shoals:4 | Got a barnacled rune of Zot
 37875 | Spider:1 | Entered Level 1 of the Spider Nest
 40084 | Vaults:1 | Entered Level 1 of the Vaults
 40084 | Vaults:1 | Noticed Wiglaf
 40089 | Vaults:1 | Killed Wiglaf
 40090 | Vaults:1 | Reached skill level 25 in Stealth
 40213 | Vaults:1 | Got a polished rapier
 40216 | Vaults:1 | Identified the +8 rapier "Kuvuefor" {pierce, rElec rF+ Str+2} (You found it on level 1 of the Vaults)
 40235 | Vaults:1 | Reached XP level 18. HP: 138/138 MP: 21/33
 41198 | Vaults:1 | Noticed Norris
 41201 | Vaults:1 | Killed Norris
 41218 | Vaults:1 | Noticed ldierk's ghost (adept DsGl)
 41719 | Vaults:1 | Killed ldierk's ghost
 43594 | Lair:1   | Learned a level 2 spell: Repel Missiles
 44810 | Spider:4 | Entered Level 4 of the Spider Nest
 47124 | Elf:1    | Entered Level 1 of the Elven Halls
 47317 | Elf:1    | Reached skill level 26 in Stealth
 48005 | Spider:4 | Reached XP level 19. HP: 138/145 MP: 34/34
 48341 | Spider:4 | Got a gossamer rune of Zot
 49147 | Vaults:2 | Found Yciweisuo's Antique Armour Boutique.
 49156 | Vaults:2 | Bought a tattered robe for 114 gold pieces
 49166 | Vaults:2 | Identified the +2 robe of Ywaguts {+Inv} (You bought it in a shop on level 2 of the Vaults)
 49715 | Vaults:2 | Found a staircase to the Crypt.
 49722 | Vaults:2 | Reached skill level 27 in Stealth
 51241 | Vaults:3 | Reached skill level 15 in Dodging
 51653 | Vaults:3 | Found Vah Anar's Assorted Antiques.
 52583 | Vaults:4 | Found Noshrahaf's Antique Weapon Boutique.
 52612 | Vaults:4 | Reached XP level 20. HP: 150/153 MP: 23/36
 52666 | Vaults:4 | Found Eckoher's Weapon Shoppe.
 52807 | Vaults:4 | Found Fuzxiph's Assorted Antiques.
 53528 | Vaults:4 | Found Juhilurr's Armour Shoppe.
 53808 | Vaults:4 | Found a gateway to a bazaar.
 53847 | Bazaar   | Entered a bazaar
 53849 | Bazaar   | Found Jusy's Antique Armour Boutique.
 53853 | Bazaar   | Found Luykocia's Antique Weapon Boutique.
 53853 | Bazaar   | Found Jeotiam's Antique Weapon Boutique.
 53853 | Bazaar   | Found Wadadd's Antique Weapon Boutique.
 53859 | Bazaar   | Bought a jewelled dagger for 266 gold pieces
 53881 | Bazaar   | Identified the +9 dagger of Domination {flame, Str-5 Dex+3 Stlth+} (You bought it in a shop in a bazaar)
 53891 | Bazaar   | Bought a glowing leather armour for 40 gold pieces
 54711 | Lair:1   | Learned a level 2 spell: Cure Poison
 54925 | Elf:1    | Noticed zigs's ghost (journeyman DgIE)
 54949 | Elf:1    | Killed zigs's ghost
 55633 | Elf:2    | Noticed Asterion
 55636 | Elf:2    | Killed Asterion
 55740 | Elf:2    | Found Woppaenk's Assorted Antiques.
 55746 | Elf:2    | Bought a scroll of acquirement for 1872 gold pieces
 55838 | Elf:2    | Found a runed gate.
 55838 | Elf:2    | Found a runed gate.
 55840 | Elf:2    | Found a runed gate.
 57460 | Elf:3    | Entered Level 3 of the Elven Halls
 57685 | Elf:3    | Noticed Mara
 57700 | Elf:3    | Noticed anele's illusion
 57720 | Elf:3    | Killed Mara
 59414 | Elf:3    | Got a warped falchion {slice}
 60103 | Elf:3    | Identified the Catalogue of Orientation
 60113 | Elf:3    | Got a pair of smoking gloves
 60115 | Elf:3    | Got a distressingly furry leather armour
 60121 | Elf:3    | Got a smoking ivory amulet
 60154 | Elf:3    | Identified the +1 pair of gloves of Pioquot {rF- Str-3 Int+10 Stlth+} (You found it on level 3 of the Elven Halls)
 60164 | Elf:3    | Identified the +3 leather armour of the Shining Light {+Inv} (You found it on level 3 of the Elven Halls)
 60218 | Elf:3    | Identified the amulet "Zuodibev" {Inacc rF+ MP+9 Str+4 Stlth+} (You found it on level 3 of the Elven Halls)
 60219 | Elf:3    | Identified the +8 falchion "Tiusch" {slice, rF+ Str+6} (You found it on level 3 of the Elven Halls)
 60278 | Elf:3    | Identified the Almanac of Earthen Ignition
 60398 | Elf:3    | Reached XP level 21. HP: 122/160 MP: 39/39
 60782 | Lair:1   | Learned a level 3 spell: Passwall
 61068 | Depths:1 | Entered Level 1 of the Depths
 61498 | Depths:1 | Found Fanuyc's Distillery.
 61525 | Depths:1 | Found Wufapiqu's Distillery.
 61550 | Depths:1 | Found a one-way gate leading to the halls of Pandemonium.
 61699 | Depths:1 | Found Lotaett's Food Shoppe.
 61881 | Depths:1 | Reached skill level 15 in Spellcasting
 62137 | Depths:1 | Found a gateway to Hell.
 62541 | Depths:1 | Found Bevoip's Gadget Shop.
 62950 | Depths:2 | Noticed a greater mummy
 62953 | Depths:2 | Killed a greater mummy
 62990 | Depths:2 | Reached skill level 15 in Short Blades
 62992 | Depths:2 | Identified the Collected Works on Enthralling Companions
 63184 | Depths:2 | Noticed Saint Roka
 63233 | Depths:2 | Killed Saint Roka
 63854 | Depths:2 | Found a one-way gate to the infinite horrors of the Abyss.
 64026 | Depths:2 | Noticed the Enchantress
 64041 | Depths:2 | Killed the Enchantress
 64444 | Depths:2 | Got a faerie dragon armour
 64455 | Depths:2 | Identified the +6 faerie dragon armour {+Inv Regen+ Dex-4} (You took it off the Enchantress on level 2 of the Depths)
 64791 | Depths:3 | HP: 4/175 [spriggan defender/antimagic demon whip (38)]
 64791 | Depths:3 | Demolished by a spriggan defender

Vault maps used:
D:1:      matt_arrival_los_fun
D:2:      ecumenical_altar_1, uniq_jessica, uniq_iyjb
D:3:      cheibriados_altar_1, uniq_natasha
D:4:      lemuel_coloured_pillars_altar, grunt_temple_overflow_open,
          minmay_temple_entry_overgrown, serial_shops, nicolae_shop_stone,
          nrook_loot_triangle
D:5:      grunt_qazlal_clouds, first_bread, uniq_crazy_yiuf_cottage,
          uniq_blork_the_orc
D:6:      uniq_edmund
D:7:      grunt_temple_overflow_diamond
D:8:      kennysheep_little_box
D:9:      nicolae_overflow_crystal_walls, uniq_erolcha, uniq_pikel
D:10:     lair_0_dummy
D:11:     serial_shops, nicolae_shop_overgrown_old_shop,
          hangedman_little_slice_of_home, minmay_nine_imps
D:12:     orc_0_dummy
D:13:     amalloy_card_club
D:14:     grunt_vaults_entry_fortified, minmay_large_rounded_square,
          minmay_stone_trees_small, minmay_guarded_unrand_curses
D:15:     hangedman_depths_entry_civil_slaughter, basic_altar, minivault_27,
          st_stairs_7, small_statue_intersection, minmay_crystal_room,
          nicolae_benzene_ring, xom_shifter_show
Temple:   minmay_temple_curvy_8
Lair:1:   minivault_25, beast_lair_carwin_3, lemuel_fruit_fields
Lair:2:   minivault_24
Lair:3:   shoals_dummy_entry
Lair:4:   spider_nest_entry_rubble, serial_bayou, serial_bayou_ford_a,
          serial_bayou_shore_b, serial_bayou_pond_d, serial_bayou_shore_a,
          lab_entry_generic, infiniplex_staircase_pool_2, uniq_harold, uniq_urug
Lair:5:   portal_ice_cave_entry_ice_beasts, basic_altar
Lair:6:   eino_house_with_fridge, grunt_megastairs_5
Lair:7:   minmay_slime_entry_jelly_boxes, cheibrodos_lair_reptile_den,
          infiniplex_staircase_pool
Lair:8:   grunt_lair_end_beastmaster, nicolae_quartered_pool_medium, pond
Shoals:1: uniq_louise
Shoals:2: serial_shops, shop_statue, nicolae_shoals_dead_sea_scrolls
Shoals:3: uniq_aizul
Shoals:4: shoals_end_simple, shoals_ilsuiw_alternative,
          nicolae_shoals_siren_and_animal_friends, uniq_donald, uniq_ilsuiw,
          uniq_polyphemus, uniq_kirke
Spider:2: nicolae_spider_hall_of_the_moth_king
Spider:4: spider_rune_water
Orc:1:    uniq_erica
Orc:2:    serial_shops, shop
Orc:3:    nicolae_orc_pool_cavern
Orc:4:    grunt_orc_gardens, grunt_orc_garden, grunt_orc_garden,
          grunt_orc_garden, grunt_orc_garden, serial_shops, shop, sword_in_stone
Elf:1:    eino_elf_arrival_sip, special_room, hangedman_corner_corridor
Elf:2:    serial_shops, shop, uniq_asterion
Elf:3:    minmay_elf_hall_dome, uniq_mara
Vaults:1: ontoclasm_vaults_claustrophobia, ontoclasm_vaults_twist, v_misc_32,
          vaults_room_door_ring, hangedman_vaults_hat, nicolae_vaults_little_ls,
          uniq_norris, uniq_wiglaf
Vaults:2: minmay_crypt_entry_simple_round, nicolae_vaults_mini_display_case,
          vaults_room_door_hall, v_misc_25, hangedman_vaults_cutoff,
          hangedman_vaults_corner, v_misc_16, grunt_vaults_funnel,
          vaults_mumra_lcd, nicolae_vaults_little_squares_2, serial_shops,
          shop_fountains
Vaults:3: nicolae_vaults_hallways_thing, vaults_room_pool,
          nicolae_vaults_little_squares_2, v_rooms_5, ontoclasm_vaults_eye,
          hangedman_vaults_capsules, hangedman_vaults_corner_blocks,
          nicolae_vaults_twisting_passages, vaults_mumra_hexcomb, v_pattern_5,
          vaults_dpeg_ring, vaults_room_semicircle, vaults_room_semicircle,
          serial_shops, nicolae_shop_window_shopping
Vaults:4: v_misc_12, v_alt_pattern_6, nicolae_vaults_border_crossing,
          ontoclasm_vaults_ring_small, hangedman_vaults_cutoff,
          hangedman_vaults_variations, dpeg_vaults_monster_row,
          nicolae_vaults_asterisk, vaults_room_semicircle, serial_shops,
          statue_bzr, nicolae_shop_stone, shop, nicolae_shop_waterfront,
          nicolae_shop_behind_doors
Depths:1: pan_entry, serial_shops, kennysheep_mini,
          nicolae_shop_temple_entry_statues_fountains, shop, shop,
          hangedman_geh_valley, minmay_door_square, kilobyte_rumbling_trees
Depths:2: ragdoll_tomb_raider, hell_entry, serial_sigils_hangedman_quiver,
          abyss_entry, infiniplex_staircase_river, grunt_megastairs_3,
          uniq_saint_roka, uniq_enchantress
Depths:3: hangedman_arch_fort, abyss_entry, pf_hell_entry_tar_spiral,
          grunt_pan_entry_sceptre
Lab:      nicolae_lab_dead_adventurers, lab_hedge, labyrinth_skeletal_remains,
          labyrinth_lava_lair
Bazaar:   bazaar_minmay_cross
IceCv:    ice_cave_small_dragons

Action                   |  1- 3 |  4- 6 |  7- 9 | 10-12 | 13-15 | 16-18 | 19-21 || total
-------------------------+-------+-------+-------+-------+-------+-------+-------++-------
Melee: Dagger            |   116 |   126 |       |       |       |       |       ||   242
       Short sword       |       |    84 |   241 |   434 |       |       |       ||   759
       Rapier            |       |       |       |   249 |  1047 |  1048 |  1009 ||  3353
 Fire: Blowgun           |       |     6 |       |       |       |       |       ||     6
 Cast: Ensorcelled Hiber |     1 |    35 |    21 |    66 |    88 |    58 |    42 ||   311
       Corona            |       |     1 |       |       |       |       |       ||     1
       Confuse           |       |     2 |    22 |    31 |    50 |   107 |    81 ||   293
       Tukima's Dance    |       |       |    11 |     2 |    21 |    12 |    88 ||   134
       Mass Confusion    |       |       |       |       |     4 |     5 |     4 ||    13
       Apportation       |       |       |       |       |     8 |       |       ||     8
       Invisibility      |       |       |       |       |    15 |    35 |    34 ||    84
       Blink             |       |       |       |       |       |     3 |     5 ||     8
       Discord           |       |       |       |       |       |     2 |    31 ||    33
       Repel Missiles    |       |       |       |       |       |     1 |     3 ||     4
Invok: Shadow Step       |       |       |       |     3 |     6 |    10 |    21 ||    40
 Abil: Evoke Invisibilit |       |       |       |    12 |     9 |       |       ||    21
       End Transformatio |       |       |       |       |     1 |       |       ||     1
       Bat Form          |       |       |       |       |     1 |       |       ||     1
       Stop Flying       |       |       |       |       |     1 |       |       ||     1
       Evoke Flight      |       |       |       |       |     1 |       |       ||     1
Evoke: Deck              |       |       |       |     2 |     4 |       |       ||     6
       Wand              |       |       |       |       |     1 |       |     7 ||     8
       Box of beasts     |       |       |       |       |       |       |     2 ||     2
       Phial of floods   |       |       |       |       |       |       |     1 ||     1
  Use: Potion            |     3 |    10 |    16 |    31 |    59 |    69 |    82 ||   270
       Scroll            |     2 |     2 |       |    14 |    22 |     9 |    14 ||    63
 Stab: Sleeping          |    12 |    35 |    33 |   101 |   296 |   174 |   187 ||   838
       Confused          |       |     3 |    13 |    18 |    20 |    28 |    28 ||   110
       Distracted        |       |     1 |       |     2 |    11 |     3 |    17 ||    34
       Invisible         |       |       |       |    10 |    51 |   122 |    55 ||   238
